 Dungeon Crawl Stone Soup version 0.31.0-11-ge490571c62 (webtiles) character file.

Game seed: 11395567348737606170

14 Ijustatesigmund the Digger (level 2, -2/16 HPs)
             Began as a Gargoyle Earth Elementalist on Feb 8, 2024.
             Slain by a jackal (3 damage)
             ... on level 1 of the Dungeon.
             The game lasted 00:00:31 (172 turns).

Ijustatesigmund the Digger (GrEE)                    Turns: 172, Time: 00:00:33

Health: -2/16      AC:  4    Str: 11    XL:     2   Next: 45%
Magic:  5/5        EV: 11    Int: 15    God:
Gold:   0          SH:  0    Dex: 10    Spells: 4/5 levels left

rFire   . . .        d - +0 spear
rCold   . . .        (no shield)
rNeg    + . .        a - +0 robe
rPois   ∞            (no helmet)
rElec   +            (no cloak)
rCorr   .            (no gloves)
SInv    .            (no boots)
Will    .....        (no amulet)
Stlth   ++           (no ring)
HPRegen 0.22/turn    (no ring)
MPRegen 0.09/turn

%: no passive effects
@: no status effects
A: sickness immunity, AC +2, negative energy resistance 1, electricity
resistance, torment resistance 1, petrification resistance
a: no special abilities


You were on level 1 of the Dungeon.
You visited 1 branch of the dungeon, and saw 1 of its levels.

Inventory:

Hand Weapons
 d - a +0 spear (weapon)
Armour
 a - a +0 robe (worn)
Scrolls
 e - a scroll of identify {unknown}
Potions
 b - a potion of magic
 c - a potion of brilliance {unknown}


   Skills:
 + Level 1.2 Fighting
 - Level 1.5 Dodging
 - Level 2.1 Stealth
 + Level 2.2 Spellcasting
 - Level 1.1 Conjurations
 + Level 4.0 Earth Magic


You had 4 spell levels left.
You knew the following spells:

 Your Spells              Type           Power      Damage    Failure   Level
a - Sandblast             Erth           26%        2d8       4%          1

Your spell library contained the following spells:

 Spells                   Type           Power      Damage    Failure   Level
 Passwall                 Erth           13%        N/A       13%         3
 Stone Arrow              Conj/Erth      18%        3d8       22%         3
 Brom's Barrelling Bould  Conj/Erth      9%         2d3       58%         4
 Petrify                  Alch/Erth      7%         N/A       67%         4


Dungeon Overview and Level Annotations

Branches:
Dungeon (1/15)

Altars:


Innate Abilities, Weirdness & Mutations

You are immune to sickness and miasma.
Your stone body is resilient. (AC +2)
You are immune to poison.
You resist negative energy. (rN+)
You are resistant to electric shocks. (rElec)
You are resistant to unholy torment.
You are immune to petrification.


Message History

The jackal is heavily wounded.
The jackal bites you but does no damage.
The kobold misses you. The jackal misses you.
You hit the jackal but do no damage.
The jackal is heavily wounded.
The rat bites you but does no damage. The kobold hits you with a +0 dagger.
A goblin comes into view. It is wielding a +0 dagger.
The jackal closely misses you.
You hit the jackal.
You kill the jackal!
The kobold hits you with a +0 dagger. The rat closely misses you.
The jackal barely misses you. The rat completely misses you.
The kobold hits you with a +0 dagger.
You hit the jackal.
The jackal is severely wounded.
The jackal bites you but does no damage.
The kobold hits you but does no damage. The rat closely misses you.
You hit the jackal.
You kill the jackal!
The jackal barely misses you. x2; The kobold misses you.
The rat barely misses you.
Your Earth Magic skill increases to level 4!
You hit the jackal.
The jackal is almost dead.
The jackal bites you but does no damage. x2
The kobold hits you with a +0 dagger. The endoplasm freezes you.
You are frozen.
The rat closely misses you. The jackal misses you.
You are too injured to fight recklessly!
You are too injured to fight recklessly!
You are too injured to fight recklessly!
The jackal barely misses you. The jackal bites you.
* * * LOW HITPOINT WARNING * * *
The jackal attacks as it pursues you! The jackal completely misses you.
The kobold barely misses you. The endoplasm freezes you.
You are frozen.
* * * LOW HITPOINT WARNING * * *
The jackal bites you.
You die...

.......## ##........
........####........!
...................!.
#.
.....................
#.#
#..................#
...
##...........††...#
#.##.##
##..††.....h..g.###
#.#....
##........hKr......
...##.
##....#..@J.######
#.#.. ####.##.####
#...# ..?###.#.$#
##.#.# ..........##
#######..#..
....#####.#
#......#.#.# .. #.#
#......#...#
#.#######.^....#.#.#
#....>...........#..
#########......#.#.#


You could see an endoplasm, 2 jackals, a goblin, a kobold and a rat.

Vanquished Creatures
  A dart slug (D:1)
  A bat (D:1)
  An endoplasm (D:1)
  A giant cockroach (D:1)
  A hobgoblin (D:1)
  2 jackals (D:1)
  A quokka (D:1)
  A ball python (D:1)
  2 rats (D:1)
11 creatures vanquished.

Notes
Turn   | Place    | Note
-------+----------+-------------------------------------------
     0 | D:1      | Ijustatesigmund the Gargoyle Earth Elementalist began the
                  | quest for the Orb.
     0 | D:1      | Reached XP level 1. HP: 10/10 MP: 3/3
   104 | D:1      | Reached XP level 2. HP: 16/16 MP: 0/5
   113 | D:1      | Reached skill level 1 in Fighting
   170 | D:1      | Reached skill level 4 in Earth Magic
   172 | D:1      | Slain by a jackal

Illustrated notes

Levels and vault maps discovered:
D:1:      minmay_arrival_doors, layout_loops_ring,
          shapermc_ecumenical_altar_petra, kennysheep_decorative_pillar,
          nicolae_concentric_dashed_squares_wild

Skill      XL: |  1  2 |
---------------+-------+-----
Fighting       | 1 |  1.2
Earth Magic    | 4 |  4.0
Dodging        | |  1.5
Stealth        | |  2.1
Spellcasting   | |  2.2
Conjurations   | |  1.1

Action                     || total
---------------------------++-------
  Melee: Spear             ||    18
   Cast: Sandblast         ||     6
 Armour: Robe              ||    18
  Dodge: Dodged            ||    21
